 Dungeon Crawl Stone Soup version 0.21.1-1-g345015f (webtiles) character file.

37 Monsterracer the Firebug (level 3, 4/21 HPs)
             Began as an Octopode Fire Elementalist on Feb 13, 2018.
             Quit the game on level 2 of the Dungeon.
             The game lasted 00:00:55 (874 turns).

Monsterracer the Firebug (OpFE)                      Turns: 874, Time: 00:00:55

Health: 4/21       AC:  1    Str:  7    XL:     3   Next: 41%
Magic:  1/6        EV: 13    Int: 18    God:
Gold:   89         SH:  0    Dex: 12    Spells: 5/6 levels left

rFire    + . .     SeeInvis .   f - +0 dagger (speed)
rCold    + . .     Gourm    .   (no shield)
rNeg     . . .     Faith    .   (helmet restricted)
rPois    +         Spirit   .   (no amulet)
rElec    +         Reflect  .   (no ring)
rCorr    +         Harm     .   (no ring)
MR       .....                  (no ring)
Stlth    +++.......             (no ring)
HPRegen  0.07/turn              (no ring)
MPRegen  0.10/turn              (no ring)
                                (no ring)
                                (no ring)

@: lethally poisoned (4 -> -7), resistant, hasted, very quick
A: almost no armour, stealthy swim, amphibious, 8 rings, constrict 8, camouflage
1, gelatinous body 1
a: no special abilities


You were on level 2 of the Dungeon.
You were not hungry.

You visited 1 branch of the dungeon, and saw 2 of its levels.

You collected 89 gold pieces.

Inventory:

Hand Weapons
 f - a +0 dagger of speed (weapon)
Scrolls
 d - a scroll of fear {unknown}
 e - 3 scrolls of identify {unknown}
 h - a scroll of enchant weapon {unknown}
 i - a scroll of magic mapping {unknown}
Books
 a - a book of Flames

   Spells                             Type                      Level
   a - Flame Tongue                   Conjuration/Fire             1
   b - Throw Flame                    Conjuration/Fire             2
   c - Conjure Flame                  Conjuration/Fire             3
   d - Inner Flame                    Hexes/Fire                   3
   e - Sticky Flame                   Conjuration/Fire             4
   f - Fireball                       Conjuration/Fire             5
Comestibles
 c - 5 rations


   Skills:
 - Level 2.0 Dodging
 - Level 2.6 Stealth
 + Level 2.3 Spellcasting
 * Level 2.1 Conjurations
 * Level 3.6 Fire Magic


You had 5 spell levels left.
You knew the following spells:

 Your Spells              Type           Power        Failure   Level  Hunger
a - Flame Tongue          Conj/Fire      ##...        5%          1    #......


Dungeon Overview and Level Annotations

Branches:
Dungeon (2/15)

Altars:


Innate Abilities, Weirdness & Mutations

You cannot wear most types of armour.
You are very stealthy in the water. (Stealth+)
You are amphibious.
You can wear up to eight rings at the same time.
You can use your tentacles to constrict eight enemies at once.
Your skin changes colour to match your surroundings (Stealth+).
Your rubbery body absorbs attacks. (AC +1, EV +1)


Message History

You hit the hobgoblin.
The hobgoblin is severely wounded.
You constrict the hobgoblin, but do no damage.
The hobgoblin hits you but does no damage.
You hit the hobgoblin but do no damage.
The hobgoblin is severely wounded.
You constrict the hobgoblin. You barely miss the hobgoblin.
The hobgoblin is almost dead.
You constrict the hobgoblin, but do no damage.
The hobgoblin closely misses you.
You hit the hobgoblin.
You kill the hobgoblin!
Things that are here:
a club; a hobgoblin corpse No target in view!
i - a scroll labeled KIHUYMY METHAD
Things that are here:
a club; a hobgoblin corpse
Things that are here:
a spear; a pair of gloves
Found a dyed leather armour.
No target in view!
Key pressed, stopping explore.
No target in view!
No target in view!
You see here a dyed leather armour.
A worker ant comes into view.
Found a robe.
A worker ant is nearby!
Found a ration.
The helpless worker ant fails to defend itself.
You hit the worker ant. You grab the worker ant.
The worker ant is moderately wounded.
You constrict the worker ant, but do no damage.
The worker ant bites you.
You are poisoned.
The worker ant poisons you!
You take 5 damage, and have 12/17 hp.
MASSIVE DAMAGE!!
Casting: Flame Tongue
Confirm with . or Enter, or press ? or * to list all spells.
Aiming: Flame Tongue
Press: ? - help, Shift-Dir - straight line, f - worker ant
Aim: a worker ant (moderately wounded, constricted by you)
The flame tongue hits the worker ant.
The worker ant is moderately wounded.
You constrict the worker ant, but do no damage.
You feel sick. The worker ant closely misses you.
You take 1 damage, and have 11/17 hp.
You now have 4/5 mp.
Casting: Flame Tongue
Confirm with . or Enter, or press ? or * to list all spells.
Aiming: Flame Tongue
Press: ? - help, Shift-Dir - straight line, f/p - worker ant
Aim: a worker ant (moderately wounded, constricted by you)
The flame tongue hits the worker ant.
The worker ant is severely wounded.
You constrict the worker ant. The worker ant barely misses you.
You now have 3/5 mp.
Casting: Flame Tongue
Confirm with . or Enter, or press ? or * to list all spells.
Aiming: Flame Tongue
Press: ? - help, Shift-Dir - straight line, f/p - worker ant
Aim: a worker ant (almost dead, constricted by you)
The flame tongue hits the worker ant.
The worker ant appears unharmed.
The worker ant is almost dead.
You constrict the worker ant, but do no damage.
You feel sick. The worker ant closely misses you. The worker ant bites you.
* * * LOW HITPOINT WARNING * * *
You are lethally poisoned!
The worker ant poisons you!
You take 6 damage, and have 5/17 hp.
MASSIVE DAMAGE!!
You now have 2/5 mp.
Casting: Flame Tongue
Confirm with . or Enter, or press ? or * to list all spells.
Aiming: Flame Tongue
Press: ? - help, Shift-Dir - straight line, f/p - worker ant
Aim: a worker ant (almost dead, constricted by you)
The flame tongue hits the worker ant.
The worker ant is almost dead.
You constrict the worker ant.
You kill the worker ant!
Your Conjurations skill increases to level 2!
You have reached level 3!
Your experience leads to an increase in your attributes!
Increase (S)trength, (I)ntelligence, or (D)exterity?
You feel clever.
* * * LOW HITPOINT WARNING * * *
You feel sick.
You now have 1/6 mp.
It was a potion of resistance.
You feel protected.
* * * LOW HITPOINT WARNING * * *
You feel sick.
You take 1 damage, and have 5/21 hp.
Unknown command.
There are no items here.
It was a potion of haste.
You feel yourself speed up.
* * * LOW HITPOINT WARNING * * *
You feel sick.
You take 1 damage, and have 4/21 hp.
Are you sure you want to abandon this character and quit the game? (Confirm with "yes".)

..............#
##...##
†........##...#
##...##
..............#
##...##
.....#.#####..#
##...##
.....#.########
#...##
.....#.)....#
##...#
.......####.#
#...##
.....#......#
##...#
....#########
#.@.## ...##
#[..# ####
#..%# ...##
#####


There were no monsters in sight!

Vanquished Creatures
  A worker ant (D:2)
  A ball python (D:2)
  A giant cockroach (D:1)
  4 hobgoblins
  2 kobolds (D:1)
  A bat (D:1)
  A frilled lizard (D:1)
  4 rats
15 creatures vanquished.

Notes
Turn   | Place    | Note
-------+----------+-------------------------------------------
     0 | D:1      | Monsterracer the Octopode Fire Elementalist began the quest for the Orb.
     0 | D:1      | Reached XP level 1. HP: 11/11 MP: 3/3
   476 | D:1      | Reached XP level 2. HP: 17/17 MP: 3/5
   870 | D:2      | HP: 5/17 [worker ant (5)]
   871 | D:2      | Reached XP level 3. HP: 7/21 MP: 1/6
   874 | D:2      | Quit the game

Skill      XL: |  1  2 |
---------------+-------+-----
Conjurations   | 2 |  2.1
Dodging        | |  2.0
Stealth        | |  2.6
Spellcasting   | |  2.3
Fire Magic     | |  3.6

Action                   || total
-------------------------++-------
Melee: Dagger            ||    19
       Constrict         ||     5
       Tentacles         ||     3
 Cast: Flame Tongue      ||    10
  Use: Potion            ||     2
 Stab: Sleeping          ||     5
Dodge: Dodged            ||    10

Vault maps used:
D:1:      minmay_arrival_diagonal_passages
D:2:      serial_curves, eino_curves_02, eino_curves_01
